Map: Reclamation LE

Players

faery

  • Race: Zerg Zerg

ABRAXAS

  • Race: Protoss Protoss
  • League: Platinum

Ozone

  • Race: Protoss Protoss

xenlee

  • Race: Zerg Zerg

VOD

Have the link to the VOD?

Description

Time

  • Played on: March 20, 2022, 11:18 a.m.
  • Length: 3:10
Show
View Real Time Build Order
Export as new Build Order

faery Zerg 

Build Orders: 3 Hatch before Pool 

Get SALT Encoding   

  12  0:01  Drone  
  13  0:17  Drone  
  14  0:23  Extractor  
  14  0:26  Extractor, Drone x2  
  16  0:31  Overlord  
  16  0:50  Drone x2  
  18  1:08  Hatchery  
  17  1:21  Hatchery  
  17  1:23  Drone  
  17  1:25  Drone  
  17  1:30  Drone  
  19  1:45  Spawning Pool  
  18  1:49  Extractor  
  18  1:50  Drone  
  18  1:52  Drone  
  19  1:59  Overlord  
  19  2:33  Zergling x2  
  19  2:34  Zergling x8  
  24  2:40  Drone  
  24  2:43  Drone  
Show
View Real Time Build Order
Export as new Build Order

ABRAXAS Protoss 

Build Orders:  

Get SALT Encoding   

  12  0:19  Pylon  
  12  0:21  Probe (Chrono Boost)  
  13  0:29  Probe (Chrono Boost)  
  13  0:35  Probe  
  14  0:41  Forge  
  15  0:47  Probe  
  16  0:59  Probe  
  17  1:05  Assimilator  
  17  1:08  Gateway  
  17  1:11  Probe  
  18  1:23  Pylon  
  18  1:25  Probe  
  19  1:37  Probe  
  20  1:43  Photon Cannon  
  20  1:49  Probe  
  21  1:57  Cybernetics Core  
  21  2:00  Photon Cannon  
  21  2:01  Probe  
  22  2:14  Photon Cannon  
  22  2:23  Gateway  
  22  2:40  Assimilator  
  22  2:42  Pylon  
  22  2:47  Stargate  
  22  2:58  Pylon  
  22  3:02  Shield Battery x2  
Show
View Real Time Build Order
Export as new Build Order

Ozone Protoss 

Build Orders:  

Get SALT Encoding   

  12  0:00  Probe  
  13  0:15  Pylon  
  13  0:18  Probe (Chrono Boost)  
  14  0:30  Probe (Chrono Boost)  
  15  0:36  Probe (Chrono Boost)  
  15  0:39  Gateway  
  16  0:48  Probe  
  17  0:56  Assimilator  
  17  1:00  Probe  
  18  1:13  Probe  
  18  1:14  Gateway  
  19  1:25  Probe  
  20  1:37  Probe (Chrono Boost)  
  21  1:44  Cybernetics Core  
  21  1:45  Pylon  
  21  1:46  Probe (Chrono Boost)  
  22  1:49  Assimilator  
  22  1:52  Gateway  
  22  2:04  Zealot x2  
  25  2:38  Stalker  
  25  2:39  Stalker  
  29  2:50  Gateway, Pylon  
Show
View Real Time Build Order
Export as new Build Order

xenlee Zerg 

Build Orders: Hatch First 

Get SALT Encoding   

  12  0:00  Drone  
  13  0:08  Drone  
  14  0:19  Extractor, Drone  
  14  0:22  Extractor, Drone  
  15  0:45  Hatchery  
  14  0:52  Extractor, Drone  
  15  1:09  Spawning Pool  
  14  1:13  Extractor, Drone  
  15  1:21  Overlord  
  15  1:43  Drone  
  15  1:44  Drone x2  
  18  1:59  Zergling x4  
  20  2:01  Baneling Nest  
  18  2:19  Zergling x8  
  21  2:29  Zergling x2  
  22  2:44  Baneling  
  22  2:45  Baneling x3  
Tags
 
Add a new tag
Caveats
  • Supply blocks, unpowered buildings, or Contaminate may cause inaccurate times.
  • Supply counts are checked every 10 seconds.